 Dungeon Crawl Stone Soup version 0.25-a0-578-gc91f01c (webtiles) character file.

Game seed: 17353571122909505535, levelgen mode: deterministic

23243 15 the Thaumaturge (level 12, -1/69 HPs)
             Began as a Deep Elf Conjurer on Mar 3, 2020.
             Was a High Priest of Vehumet.
             Killed from afar by an electric eel (7 damage)
             ... with a bolt of electricity
             ... on level 13 of the Dungeon on Mar 4, 2020.
             The game lasted 01:50:55 (13831 turns).

15 the Thaumaturge (Deep Elf Conjurer)             Turns: 13831, Time: 01:50:55

Health: -1/69      AC:  8    Str:  8    XL:     12   Next: 70%
Magic:  6/41       EV: 17    Int: 32    God:    Vehumet [*****.]
Gold:   120        SH:  0    Dex: 15    Spells: 5/39 levels left

rFire    . . .     SeeInvis .   M - +5 scimitar
rCold    . . .     Gourm    .   (no shield)
rNeg     . . .     Faith    .   W - +1 robe of Distant Shores {Int+5}
rPois    .         Spirit   .   j - +2 helmet
rElec    .         Reflect  .   H - scarf {cloud immunity}
rCorr    .         Harm     .   X - +1 pair of gloves
MR       +....                  (no boots)
Stlth    +++.......             C - amulet of regeneration
HPRegen  0.61/turn              P - +4 ring of intelligence
MPRegen  0.27/turn              f - ring of magical power

@: no status effects
A: no striking features
a: Renounce Religion


You were on level 13 of the Dungeon.
You worshipped Vehumet.
Vehumet was extremely pleased with you.
You were not hungry.

You visited 2 branches of the dungeon, and saw 14 of its levels.

You collected 636 gold pieces.
You spent 516 gold pieces at shops.

Inventory:

Hand Weapons
 i - a +0 flail of protection
 E - a +5 halberd of freezing
 K - a +4 trident
 M - a +5 scimitar (weapon)
 N - a +3 mace of freezing
 S - a +0 rapier
 V - a +2 falchion of holy wrath
Missiles
 n - 98 poisoned darts (quivered)
 R - 136 stones
Armour
 g - +0 steam dragon scales
 j - a +2 helmet (worn)
 o - a +1 hat
 H - a scarf of cloud immunity (worn)
 W - the +1 robe of Distant Shores (worn) {Int+5}
   (You found it on level 9 of the Dungeon)

   It affects your intelligence (+5).
   If you remove this armour, your AC will decrease by 3 (8 -> 5).
 X - a +1 pair of gloves (worn)
 Y - the +3 leather armour of Duod {Str+6}
   (You found it on level 10 of the Dungeon)

   It affects your strength (+6).
   If you switch to wearing this armour, your AC will increase by 4 (8 -> 12).
Jewellery
 d - an uncursed ring of resist corrosion
 e - an uncursed ring of wizardry
 f - a ring of magical power (right hand)
 y - an uncursed ring of ice
 C - an amulet of regeneration (around neck)
 P - a +4 ring of intelligence (left hand)
Wands
 a - a wand of enslavement (14)
 x - a wand of paralysis (8)
 A - a wand of clouds (6)
 D - a wand of acid (9)
 F - a wand of flame (18)
 U - a wand of polymorph (5)
Scrolls
 h - 2 scrolls of immolation
 l - 7 scrolls of teleportation
 p - 5 scrolls of amnesia
 s - a scroll of magic mapping
 u - 5 scrolls of remove curse
 v - 4 scrolls of enchant weapon
 w - 2 scrolls of fear
 L - a scroll of enchant armour
Potions
 b - 2 potions of haste
 k - 3 potions of flight
 m - 3 potions of brilliance
 q - a potion of ambrosia
 r - 3 potions of curing
 t - 5 potions of berserk rage
 z - a potion of resistance
 B - 3 potions of cancellation
 G - 2 potions of might
 I - a potion of heal wounds
Miscellaneous
 Q - a phial of floods
Comestibles
 c - 30 rations
 J - 2 chunks of flesh


   Skills:
 * Level 5.6 Fighting
 + Level 2.2(2.8) Short Blades
 + Level 2.1(2.5) Long Blades
 + Level 0.9 Throwing
 * Level 5.4 Armour
 * Level 7.3 Dodging
 + Level 5.4 Stealth
 * Level 14.2 Spellcasting
 * Level 10.3 Conjurations
 * Level 6.3 Hexes
 + Level 2.3 Summonings
 + Level 2.1 Translocations
 + Level 2.2 Fire Magic
 * Level 5.5 Ice Magic
 + Level 0.4 Air Magic
 + Level 0.4 Poison Magic
 * Level 7.4 Evocations


You had 5 spell levels left.
You knew the following spells:

 Your Spells              Type           Power        Failure   Level  Hunger
a - Magic Dart            Conj           ####         1%          1    None
b - Searing Ray           Conj           ######       1%          2    None
c - Dazzling Flash        Conj/Hex       ######       1%          3    None
d - Fulminant Prism       Conj/Hex       ######....   1%          4    None
e - Iskenderun's Mystic   Conj/Tloc      ######..     1%          4    None
f - Hailstorm             Conj/Ice       ######..     1%          4    None
g - Frozen Ramparts       Ice            ######       1%          3    None
h - Sandblast             Erth           ###...       1%          1    None
i - Summon Ice Beast      Ice/Summ       #####...     3%          4    None
j - Foxfire               Conj/Fire      ####         1%          1    None
k - Tukima's Dance        Hex            ######..     1%          3    None
l - Mephitic Cloud        Conj/Pois/Air  #####...     1%          3    None
m - Apportation           Tloc           #####.       1%          1    None

Your spell library contained the following spells:

 Spells                   Type           Power        Failure   Level  Hunger
 Yara's Violent Unravell  Hex/Tmut       #####.....   4%          5    None
 Freeze                   Ice            ####         1%          1    None
 Summon Butterflies       Summ           #####...     1%          1    None
 Ozocubu's Armour         Chrm/Ice       #####...     1%          3    None
 Lesser Beckoning         Tloc           #####.....   2%          3    None
 Alistair's Intoxication  Tmut/Pois      ###.....     45%         5    None
 Invisibility             Hex            ######..     22%         6    ###....


Dungeon Overview and Level Annotations

Branches:
Dungeon (13/15)            Temple (1/1) D:7            Lair (0/6) D:10
    Orc (0/2) D:10
 Vaults: D:13-14

Altars:
Ashenzari
Cheibriados
Dithmenos
Elyvilon
Fedhas
Gozag
Kikubaaqudgha
Makhleb
Nemelex Xobeh
Okawaru
Qazlal
Ru
Sif Muna
Trog
Uskayaw
Vehumet
Wu Jian
Xom
Yredelemnul
Zin
The Shining One

Shops:
D:4 *   D:5 (%[%[   D:8 *

Annotations:
D:2 Sigmund


Message History

Casting: Hailstorm (safe; 1% risk of failure)
Confirm with . or Enter, or press ? or * to list all spells.
A cannonade of hail descends around you!
Your ice beast is unaffected.
The hail pelts the yaktaur captain!
The yaktaur captain is moderately wounded.
The yaktaur captain shoots a bolt.
The bolt hits your ice beast!!
Your ice beast hits the yaktaur captain but does no damage.
Unknown command.
Unknown command.
Unknown command.
Unknown command.
The yaktaur captain shoots a bolt.
The bolt hits your ice beast!
Your ice beast dies!
You see here 2 bolts.
The yaktaur captain shoots a bolt.
The bolt hits you!!
Ouch! That really hurt!
* * * LOW HITPOINT WARNING * * *
The electric eel shoots out a bolt of lightning at you!
The bolt of electricity hits you!
You die...

.......≈#≈≈≈≈≈.#.. .
..#.#.#.#;>≈≈≈≈≈.. .
.......c##≈≈≈≈≈.. .
..###.#.##.≈≈≈#.# . ...
#..()#'#≈##.#
....#.#(........#
........(.......######
.......(........'....#
##.....(..@.....####.#
##..+....<.....# #.#
####>.........####.######
########(.............
##.######.######
#.......#.# #...)##.#.#
##...(...#.#
........###.#.#


You could see a yaktaur captain and an electric eel.

Vanquished Creatures
  Kirke (D:12)
  Erolcha (D:9)
  A centaur warrior (D:13)
  A two-headed ogre (D:13)
  An unseen horror (D:11)
  Pikel (D:6)
  2 deep elf magi
  3 centaur zombies
  4 ugly things
  A manticore (D:11)
  Joseph (D:9)
  A gargoyle (D:8)
  A centaur skeleton (D:11)
  A yaktaur (D:13)
  A polar bear (shapeshifter) (D:13)
  2 trolls (D:12)
  Grinder (D:6)
  5 slime creatures (D:11)
  3 hippogriffs
  A hornet (D:13)
  A shadow (D:11)
  A water elemental (D:12)
  10 yaks
  A vampire (D:12)
  A human (D:11)
  2 hogs (D:12)
  A hungry ghost (D:11)
  4 vampire mosquitoes
  2 steam dragons
  A water moccasin (D:9)
  A soldier ant (D:12)
  Duvessa (D:5)
  5 orc warriors
  6 ice beasts
  A hornet zombie (D:11)
  6 sky beasts
  2 slaves (D:6)
  3 phantoms
  9 centaurs
  5 ogres
  4 necrophages
  2 big kobolds
  6 bullfrogs
  A wyvern zombie (D:11)
  2 scorpions (D:13)
  A wyvern skeleton (D:13)
  Dowan (D:5)
  8 killer bees
  3 vampire bats (D:4)
  7 wights
  2 howler monkeys (D:8)
  6 crimson imps
  A bullfrog zombie (D:13)
  5 quasits
  4 hounds
  4 jellies
  6 orc priests
  5 bullfrog skeletons
  Jessica (D:2)
  An iguana (D:13)
  Terence (D:2)
  7 orc wizards
  12 worker ants
  A hound zombie (D:11)
  A worker ant zombie (D:8)
  Robin (D:3)
  A howler monkey skeleton (D:10)
  9 adders
  2 oozes (D:4)
  4 worms
  2 dart slugs
  6 leopard geckos
  28 orcs
  A giant cockroach (D:6)
  19 goblins
  6 hobgoblins
  14 jackals
  2 quokkas
  2 ball pythons (D:2)
  12 bats
  4 frilled lizards
  16 kobolds
  A quokka skeleton (D:4)
  9 rats
  2 fulminant prisms
329 creatures vanquished.

Vanquished Creatures (collateral kills)
  An ugly thing (D:12)
  A cyclops (D:13)
  A centaur zombie (D:12)
  A yaktaur (D:13)
  A slime creature (D:11)
  A hippogriff (D:11)
  A basilisk (D:11)
  A wyvern (D:13)
  3 hogs (D:12)
  An acid dragon (D:12)
  2 ogres
  A scorpion (D:10)
  A crimson imp (D:12)
  A hound (D:12)
  An iguana (D:11)
  An orc (D:11)
  2 quokkas
21 creatures vanquished.

Vanquished Creatures (others)
  A centaur zombie (D:12)
  A slave (D:6)
  A kobold (D:12)
  225 foxfires
  43 fulminant prisms
271 creatures vanquished.

Grand Total: 621 creatures vanquished

Notes
Turn   | Place    | Note
-------+----------+-------------------------------------------
     0 | D:1      | 15 the Deep Elf Conjurer began the quest for the Orb.
     0 | D:1      | Reached XP level 1. HP: 10/10 MP: 6/6
   294 | D:1      | Reached XP level 2. HP: 15/15 MP: 6/8
   325 | D:1      | Learned a level 2 spell: Searing Ray
   594 | D:2      | Found an ancient bone altar of Kikubaaqudgha.
   699 | D:2      | Noticed Terence
   712 | D:2      | Killed Terence
   712 | D:2      | Reached skill level 5 in Conjurations
   712 | D:2      | Reached XP level 3. HP: 3/19 MP: 5/10
   720 | D:2      | Learned a level 3 spell: Dazzling Flash
  1192 | D:2      | Noticed Sigmund
  1267 | D:2      | Noticed Jessica
  1271 | D:2      | Killed Jessica
  1271 | D:2      | Reached XP level 4. HP: 24/24 MP: 11/11
  1535 | D:3      | Reached skill level 4 in Spellcasting
  1596 | D:3      | Found an iron altar of Okawaru.
  1674 | D:3      | Noticed Robin
  1677 | D:3      | Killed Robin
  1767 | D:3      | Reached XP level 5. HP: 27/28 MP: 12/13
  1773 | D:3      | Learned a level 4 spell: Fulminant Prism
  2069 | D:3      | Found a bloodstained altar of Trog.
  2069 | D:3      | Found a shimmering blue altar of Sif Muna.
  2485 | D:4      | Reached skill level 1 in Armour
  2551 | D:4      | Noticed an ogre
  2555 | D:4      | Killed an ogre
  2555 | D:4      | Reached XP level 6. HP: 33/33 MP: 10/15
  2570 | D:4      | Reached skill level 5 in Spellcasting
  2571 | D:4      | Reached skill level 1 in Fighting
  2614 | D:4      | Found Evil's Assorted Antiques.
  2940 | D:4      | Reached XP level 7. HP: 38/38 MP: 16/17
  3119 | D:4      | Learned a level 4 spell: Iskenderun's Mystic Blast
  3283 | D:4      | Found an ornate altar of the Wu Jian Council.
  3314 | D:4      | Found a sparkling altar of Nemelex Xobeh.
  3317 | D:4      | Reached skill level 6 in Spellcasting
  3344 | D:5      | Entered Level 5 of the Dungeon
  3388 | D:5      | Noticed Duvessa
  3388 | D:5      | Noticed Dowan
  3397 | D:5      | Killed Dowan
  3659 | D:5      | Killed Duvessa
  3662 | D:5      | Reached skill level 1 in Hexes
  3721 | D:5      | Reached skill level 1 in Evocations
  3785 | D:5      | Found Atwejit's Food Boutique.
  3786 | D:5      | Found Qeopec's Weapon Shoppe.
  3793 | D:5      | Bought a ration for 65 gold pieces
  3854 | D:5      | Found a burning altar of Makhleb.
  3864 | D:5      | Found Taidghum's Antique Armour Boutique.
  3893 | D:5      | Found Senuima's Antique Armour Shop.
  3973 | D:5      | Found Gyphupoj's Food Shoppe.
  4198 | D:6      | Reached skill level 1 in Short Blades
  4198 | D:6      | Reached skill level 7 in Spellcasting
  4198 | D:6      | Reached XP level 8. HP: 26/44 MP: 20/20
  4252 | D:6      | Noticed Grinder
  4691 | D:6      | Noticed Pikel
  4702 | D:6      | Killed Pikel
  4702 | D:6      | Reached skill level 5 in Dodging
  4702 | D:6      | Reached skill level 8 in Spellcasting
  4758 | D:6      | Found a glowing silver altar of Zin.
  5222 | D:7      | Reached XP level 9. HP: 48/49 MP: 23/23
  5264 | D:7      | Learned a level 4 spell: Hailstorm
  5268 | D:7      | Learned a level 3 spell: Frozen Ramparts
  5337 | D:7      | Found a staircase to the Ecumenical Temple.
  5361 | Temple   | Entered the Ecumenical Temple
  5572 | Temple   | Became a worshipper of Vehumet
  6066 | D:8      | Reached skill level 5 in Stealth
  6085 | D:8      | Reached skill level 9 in Spellcasting
  6216 | D:8      | Found a white marble altar of Elyvilon.
  6452 | D:8      | Reached * piety under Vehumet
  6452 | D:8      | Offered knowledge of Sandblast by Vehumet.
  6614 | D:8      | Learned a level 1 spell: Sandblast
  6619 | D:8      | Learned a level 4 spell: Summon Ice Beast
  6724 | D:8      | Noticed a gargoyle
  6735 | D:8      | Killed a gargoyle
  7218 | D:8      | Found Lonol's Assorted Antiques.
  7225 | D:8      | Bought a pair of transparent gloves for 256 gold pieces
  7342 | D:9      | Noticed Erolcha
  7346 | D:9      | Killed Erolcha
  7346 | D:9      | Reached skill level 10 in Spellcasting
  7346 | D:9      | Reached skill level 1 in Translocations
  7346 | D:9      | Reached skill level 1 in Ice Magic
  7346 | D:9      | Reached XP level 10. HP: 56/56 MP: 17/26
  7352 | D:9      | Noticed Joseph
  7364 | D:9      | Reached skill level 5 in Evocations
  7368 | D:9      | Killed Joseph
  7368 | D:9      | Reached skill level 11 in Spellcasting
  7582 | D:9      | Got a colourful robe
  7735 | D:9      | Found a shattered altar of Ashenzari.
  7881 | D:10     | Entered Level 10 of the Dungeon
  7881 | D:10     | Found a staircase to the Orcish Mines.
  8061 | D:10     | Found a white marble altar of Elyvilon.
  8066 | D:10     | Got a slimy hand axe
  8089 | D:10     | Got a smelly leather armour
  8092 | D:10     | Offered knowledge of Foxfire by Vehumet.
  8095 | D:10     | Learned a level 1 spell: Foxfire
  8158 | D:10     | Identified the -3 pair of gloves of Vetsuddi {rF- MR++}
                  | (You bought it in a shop on level 8 of the Dungeon)
  8170 | D:10     | Reached ** piety under Vehumet
  8201 | D:10     | Identified the +1 robe of Distant Shores {Int+5} (You found
                  | it on level 9 of the Dungeon)
  8211 | D:10     | Identified the +3 leather armour of Duod {Str+6} (You found
                  | it on level 10 of the Dungeon)
  8259 | D:10     | Found a staircase to the Lair.
  8284 | D:10     | Identified the cursed +0 hand axe of Focus {freeze, +Inv
                  | rElec rF-} (You found it on level 10 of the Dungeon)
  8888 | D:11     | Reached skill level 1 in Long Blades
  9075 | D:11     | Reached skill level 1 in Fire Magic
  9078 | D:11     | Noticed a manticore
  9162 | D:11     | Reached skill level 12 in Spellcasting
  9196 | D:11     | Learned a level 3 spell: Tukima's Dance
  9472 | D:11     | Offered knowledge of Mephitic Cloud by Vehumet.
  9519 | D:11     | Learned a level 3 spell: Mephitic Cloud
  9537 | D:11     | Noticed a brown ugly thing
  9631 | D:11     | Killed an unseen horror
  9631 | D:11     | Reached skill level 1 in Summonings
  9631 | D:11     | Reached XP level 11. HP: 17/60 MP: 29/29
  9765 | D:11     | Reached *** piety under Vehumet
 10194 | D:11     | Killed a brown ugly thing
 10275 | D:11     | Offered knowledge of Static Discharge by Vehumet.
 10492 | D:11     | Learned a level 1 spell: Apportation
 10794 | D:12     | Noticed a deep elf mage
 10838 | D:11     | Killed a deep elf mage
 11148 | D:12     | Noticed a purple ugly thing
 11175 | D:12     | Killed a purple ugly thing
 11310 | D:6      | Paralysed by Grinder for 7 turns
 11317 | D:6      | Killed Grinder
 11341 | D:5      | Bought a glowing helmet for 195 gold pieces
 11705 | D:12     | Reached skill level 13 in Spellcasting
 11715 | D:12     | Reached **** piety under Vehumet
 11721 | D:12     | Killed Kirke
 11721 | D:12     | Reached skill level 5 in Hexes
 11836 | D:12     | Offered knowledge of Lightning Bolt by Vehumet.
 11836 | D:12     | Reached skill level 5 in Fighting
 11836 | D:12     | Reached XP level 12. HP: 67/68 MP: 1/31
 12250 | D:12     | Reached skill level 5 in Ice Magic
 12446 | D:13     | Noticed a centaur warrior
 12452 | D:13     | Killed a centaur warrior
 12452 | D:13     | Reached skill level 5 in Armour
 12768 | D:13     | Noticed a two-headed ogre
 13053 | D:13     | Killed a two-headed ogre
 13053 | D:13     | Reached skill level 14 in Spellcasting
 13297 | D:13     | Reached skill level 10 in Conjurations
 13347 | D:13     | Reached ***** piety under Vehumet
 13347 | D:13     | Offered knowledge of Yara's Violent Unravelling by Vehumet.
 13808 | D:13     | Noticed a yaktaur captain
 13831 | D:13     | Killed from afar by an electric eel

Levels and vault maps discovered:
D:1:      matt_arrival_spirals, layout_rooms
D:2:      layout_basic, lemuel_round_altar, nicolae_overflow_hidden_temple,
          minmay_tetromino_i2, uniq_sigmund, uniq_terence, uniq_jessica
D:3:      layout_basic, kennysheep_okawaru_gauntlet,
          gammafunk_temple_overflow_wave, uniq_robin
D:4:      layout_rooms, kennysheep_mini, serial_shops, shop, roderic_batcave,
          nemelex_dance_club_becter
D:5:      layout_cave_pools, serial_shops,
          nicolae_shop_temple_entry_statues_fountains, nicolae_shop_waterfront,
          shop, kennysheep_mini_moat, shop, first_ration, bloody_makhleb,
          uniq_duvessa
D:6:      wander_river, layout_basic, zin_scriptorium, uniq_pikel, uniq_grinder
D:7:      layout_basic, minmay_temple_entry_trees
D:8:      layout_layer_cave, elyvilon_altar_4, serial_shops, shop_statue
D:9:      layout_rooms, nicolae_overflow_crystal_walls, uniq_joseph,
          uniq_erolcha
D:10:     layout_irregular_city, lair_entry_dummy, orc_0_dummy, basic_altar
D:11:     minmay_ornate_pinched, layout_loops_ring
D:12:     layout_roguey, hangedman_stone_soup, uniq_kirke
D:13:     layout_basic, david_vaults_2
Temple:   nicolae_temple_figure_eight

Skill      XL: |  1  2  3  4  5  6  7  8  9 10 11 12 |
---------------+-------------------------------------+-----
Dodging        | 3 4 5 6 7 |  7.3
Conjurations   | 5 6 7 8 9 10 | 10.3
Spellcasting   | 4 5 7 8 10 12 13 14 | 14.2
Armour         | 1 2 3 4 5 |  5.4
Fighting       | 1 2 3 5 |  5.6
Stealth        | 3 4 5 |  5.4
Hexes          | 1 2 5 6 |  6.3
Evocations     | 2 3 4 6 7 |  7.4
Short Blades   | 1 2 |  2.2
Translocations | 1 2 |  2.1
Ice Magic      | 1 3 4 5 |  5.5
Long Blades    | 1 2 |  2.1
Fire Magic     | 2 |  2.2
Summonings     | 1 2 |  2.3
Throwing       | |  0.9
Air Magic      | |  0.4
Poison Magic   | |  0.4

Action                   |  1- 3 |  4- 6 |  7- 9 | 10-12 || total
-------------------------+-------+-------+-------+-------++-------
Melee: Short sword       |       |    21 |    25 |       ||    46
       Scimitar          |       |       |       |    71 ||    71
       Falchion          |       |       |       |     5 ||     5
       Rapier            |       |       |       |     2 ||     2
Throw: Dart              |       |       |     4 |    14 ||    18
 Cast: Magic Dart        |    44 |    52 |    85 |    25 ||   206
       Searing Ray       |     9 |    13 |    39 |    35 ||    96
       Fulminant Prism   |       |     4 |    13 |    28 ||    45
       Dazzling Flash    |       |       |     4 |       ||     4
       Iskenderun's Myst |       |       |     6 |    26 ||    32
       Hailstorm         |       |       |    10 |    68 ||    78
       Frozen Ramparts   |       |       |    10 |    39 ||    49
       Summon Ice Beast  |       |       |     2 |    45 ||    47
       Foxfire           |       |       |       |   144 ||   144
       Sandblast         |       |       |       |    15 ||    15
       Tukima's Dance    |       |       |       |     5 ||     5
       Mephitic Cloud    |       |       |       |    13 ||    13
       Apportation       |       |       |       |     1 ||     1
Evoke: Wand              |       |     1 |     2 |    13 ||    16
       Phial of floods   |       |       |       |     1 ||     1
  Use: Scroll            |     6 |     3 |     9 |    13 ||    31
       Potion            |       |     1 |       |     3 ||     4
 Stab: Sleeping          |       |     1 |     1 |       ||     2
       Paralysed         |       |       |     6 |     1 ||     7
       Confused          |       |       |       |     2 ||     2
  Eat: Chunk             |     1 |     6 |    14 |    15 ||    36
       Ration            |       |       |       |     2 ||     2
Armor: Robe              |       |     6 |    16 |    54 ||    76
       Skin              |       |       |       |    19 ||    19
Dodge: Dodged            |     2 |    25 |    45 |   146 ||   218
       Rpst.: Scimitar   |       |       |       |    30 ||    30

Table legend:
 A = Non-vault XP
 B = Vault XP
 C = Vault XP percentage of total XP
 D = Non-vault monster count
 E = Vault monster count
 F = Vault count percentage of total count
                 A         B        C        D         E       F
            +---------+---------+-------+---------+---------+-------
      Total |   24161 |    9044 |  27.2 |     286 |      60 |  17.3
            +---------+---------+-------+---------+---------+-------
        D:1 |      16 |       0 |   0.0 |      14 |       0 |   0.0
        D:2 |      43 |      75 |  63.6 |      18 |       4 |  18.2
        D:3 |      35 |      42 |  54.5 |      16 |      15 |  48.4
        D:4 |     509 |     187 |  26.9 |      23 |      10 |  30.3
        D:5 |     256 |     216 |  45.8 |      12 |       2 |  14.3
        D:6 |     628 |     903 |  59.0 |      12 |       2 |  14.3
        D:7 |     668 |       0 |   0.0 |      13 |       0 |   0.0
        D:8 |    1458 |       0 |   0.0 |      25 |       0 |   0.0
        D:9 |     943 |    1437 |  60.4 |      16 |       2 |  11.1
       D:10 |    1449 |       0 |   0.0 |      29 |       0 |   0.0
       D:11 |    5940 |    2914 |  32.9 |      43 |      16 |  27.1
       D:12 |    4807 |    2742 |  36.3 |      26 |       7 |  21.2
       D:13 |    7409 |     528 |   6.7 |      39 |       2 |   4.9
            +---------+---------+-------+---------+---------+-------
